 Dungeon Crawl Stone Soup version 0.31-a0-1591-g515db51633 (webtiles) character file.

Game seed: 16691069554398582053

6514 BigPumpCobain the Grappler (level 10, -15/98 HPs)
             Began as a Troll Shapeshifter on Jan 6, 2024.
             Was a Believer of the Shining One.
             Demolished by Jorgrun
             ... wielding a +0 heavy quarterstaff
              (23 damage)
             ... on level 13 of the Dungeon.
             The game lasted 00:11:15 (6739 turns).

BigPumpCobain the Grappler (Troll Shapeshifter)     Turns: 6739, Time: 00:11:15

Health: -15/98     AC: 10    Str: 34    XL:     10   Next: 69%
Magic:  9/9        EV:  9    Int:  6    God:    the Shining One [**....]
Gold:   1714       SH:  0    Dex:  9    Spells: 9/9 levels left

rFire   . .          .
                       - Unarmed
rCold   . . .        (no shield)
rNeg    + . .        a - +2 animal skin
rPois   .            (helmet currently unavailable)
rElec   .            (cloak currently unavailable)
rCorr   .            (gloves unavailable)
SInv    .            (boots unavailable)
Will    .....        h - amulet of regeneration
Stlth   +            g - +6 ring of strength
HPRegen 1.96/turn    x - +4 ring of protection
MPRegen 0.11/turn

%: no passive effects
@: beast-form, hasted, glowing, very quick
A: beast (slay +4), large, unfitting armour, claws 3, regeneration 1, shaggy fur
1, tough skin 1
a: Begin Untransformation, Renounce Religion, Divine Shield


You were on level 13 of the Dungeon.
You worshipped the Shining One.
The Shining One was pleased with you.
You were a hulking beast.
You visited 2 branches of the dungeon, and saw 12 of its levels.

You collected 1714 gold pieces.

Inventory:

Armour
 a - a +2 animal skin (worn)
Jewellery
 g - a +6 ring of strength (left claw)
 h - an amulet of regeneration (around neck)
 j - a ring of flight
 n - a ring of fire
 q - an amulet of guardian spirit
 x - a +4 ring of protection (right claw)
 y - a ring of ice
Talismans
 c - a beast talisman
 d - a flux talisman
Wands
 u - a wand of iceblast (5)
 z - a wand of flame (7)
 A - a wand of paralysis (7)
Scrolls
 f - 4 scrolls of enchant armour
 i - a scroll of teleportation
 r - a scroll of silence {unknown}
 t - 3 scrolls of immolation {unknown}
 v - a scroll of vulnerability {unknown}
 C - a scroll of poison {unknown}
 D - a scroll of identify
Potions
 e - a potion of cancellation
 m - 2 potions of attraction
 o - 3 potions of invisibility {unknown}
 p - 3 potions of brilliance {unknown}
 s - 2 potions of might {unknown}
 w - 3 potions of degeneration {unknown}
 B - 3 potions of curing


   Skills:
 + Level 6.1 Fighting
 - Level 1.5 Dodging
 * Level 10.8 Unarmed Combat
 * Level 10.0 Shapeshifting


You had 9 spell levels left.
You didn't know any spells.
Your spell library contained the following spells:

 Spells                   Type           Power      Damage    Failure   Level
 Summon Ice Beast         Ice/Summ       0%         N/A       83%         3
 Anguish                  Hex/Necr       0%         N/A       99%         4
 Cause Fear               Hex            0%         N/A       99%         4
 Summon Mana Viper        Hex/Summ       0%         N/A       100%        5
 Enfeeble                 Hex            0%         N/A       100%        7
 Monstrous Menagerie      Summ           0%         N/A       100%        7


Dungeon Overview and Level Annotations

Branches:
Dungeon (13/15)            Temple (1/1) D:6             Orc (0/2) D:10
   Lair: D:8-11      Vaults: D:13-14

Altars:
Ashenzari
Cheibriados
Dithmenos
Elyvilon
Fedhas
Gozag
Hepliaklqana
Kikubaaqudgha
Makhleb
Nemelex Xobeh
Okawaru
Qazlal
Sif Muna
Trog
Uskayaw
Vehumet
Wu Jian
Xom
Yredelemnul
Zin
The Shining One

Shops:
D:3 (

Annotations:
D:13 Jorgrun


Innate Abilities, Weirdness & Mutations

You are a hulking beast.
Your limbs bulge with bestial killing power. (Slay +4)
You are too large for most types of armour.
You have claws for hands.
Your natural rate of healing is unusually fast.
You are covered in fur. (AC +1)
You have tough skin. (AC +1)


Message History

The iceblast engulfs Jorgrun.
Jorgrun is lightly wounded.
You hear a roar!
A centaur warrior comes into view.
Aiming: Iceblast
Press: ? - help, Shift-Dir - straight line, f/p - skeletal warrior
Aim: a skeletal warrior, wielding a +0 trident (heavily damaged)
The mass of ice explodes!
The iceblast engulfs Jorgrun.
Jorgrun is lightly wounded.
The iceblast engulfs the skeletal warrior.
The skeletal warrior partially resists.
The skeletal warrior is heavily damaged.
You hear an angry hiss.
Aiming: Iceblast
Press: ? - help, Shift-Dir - straight line, f/p - skeletal warrior
Aim: a skeletal warrior, wielding a +0 trident (heavily damaged)
Okay, then.
You closely miss Jorgrun.
Jorgrun is lightly wounded.
Jorgrun points next to you and mumbles some strange words.
The wall shatters!
The blast of rock fragments hits you!
You mangle Jorgrun!! Your claw misses Jorgrun.
Jorgrun is moderately wounded.
Jorgrun barely misses you.
The skeletal warrior hits you from afar with a +0 trident!!
You feel yourself speed up.
The skeletal warrior hits you from afar with a +0 trident!
Jorgrun hits you with a +0 heavy quarterstaff.
You mangle Jorgrun!!
Jorgrun is heavily wounded.
The skeletal warrior hits you from afar with a +0 trident!
* * * LOW HITPOINT WARNING * * *
You barely miss Jorgrun.
Jorgrun is heavily wounded.
You closely miss Jorgrun.
Jorgrun is heavily wounded.
The skeletal warrior hits you from afar with a +0 trident!
* * * LOW HITPOINT WARNING * * *
Jorgrun hits you with a +0 heavy quarterstaff!!
You die...

### #.## #..
#.# #h#
######g# ##
#....#z###....
##....#zz.....#
#.....c.......<
#.....#.####...
#..............
#..#.........
#...#.#...zz.z


You could see Jorgrun, 3 skeletal warriors and a centaur warrior.

Vanquished Creatures
  A two-headed ogre (D:10)
  Sonja (D:10)
  A vampire (D:9)
  4 slime creatures (D:8)
  A wraith (D:8)
  A shadow (D:10)
  7 yaks
  A steam dragon (D:7)
  A human (D:7)
  A warg (D:10)
  3 water moccasins
  2 ice beasts
  An ogre (D:4)
  An orc warrior (D:10)
  4 centaurs
  2 kobold brigands (D:9)
  2 bullfrogs
  A gnoll sergeant (D:10)
  2 scorpions (D:5)
  10 wights
  5 hounds
  4 bombardier beetles
  A gnoll bouda (D:7)
  8 orc priests
  Crazy Yiuf (D:3)
  A sleepcap (D:6)
  8 orc wizards
  2 iguanas
  7 adders
  8 gnolls
  A shadow imp (D:5)
  A white imp (D:5)
  2 ufetubi (D:5)
  29 orcs
  5 ball pythons
  14 endoplasms
  A giant cockroach (D:2)
  6 goblins
  10 hobgoblins
  4 jackals (D:3)
  4 quokkas
  2 bats (D:1)
  4 frilled lizards
  A jackal skeleton (D:7)
  A jackal zombie (D:7)
  18 kobolds
  A kobold skeleton (D:7)
  4 rats
  A spectral hobgoblin (D:7)
201 creatures vanquished.

Notes
Turn   | Place    | Note
-------+----------+-------------------------------------------
     0 | D:1      | BigPumpCobain the Troll Shapeshifter began the quest for
                  | the Orb.
     0 | D:1      | Reached XP level 1. HP: 18/18 MP: 0/0
   127 | D:1      | Reached skill level 1 in Fighting
   132 | D:1      | Reached XP level 2. HP: 27/27 MP: 1/1
   270 | D:1      | Found a faded altar of an unknown god.
   397 | D:1      | Identified a scroll of acquirement
   397 | D:1      | Acquired 1212 gold pieces
   607 | D:1      | Reached XP level 3. HP: 33/33 MP: 2/2
  1128 | D:2      | Reached XP level 4. HP: 40/41 MP: 3/3
  1463 | D:3      | Found a glowing silver altar of Zin.
  1504 | D:3      | Found Bioq's Antique Weapon Boutique.
  1517 | D:3      | Reached XP level 5. HP: 49/49 MP: 4/4
  1748 | D:3      | Noticed an ice beast
  1759 | D:3      | Killed an ice beast
  1858 | D:3      | Found a runed translucent door.
  1859 | D:3      | Noticed Crazy Yiuf
  1864 | D:3      | Killed Crazy Yiuf
  1865 | D:3      | Reached XP level 6. HP: 57/57 MP: 5/5
  1927 | D:4      | Found an iron altar of Okawaru.
  1978 | D:4      | Reached skill level 5 in Unarmed Combat
  2090 | D:4      | Reached skill level 5 in Shapeshifting
  2366 | D:5      | Entered Level 5 of the Dungeon
  2385 | D:5      | Reached XP level 7. HP: 65/66 MP: 6/6
  3485 | D:6      | Found a burning altar of Makhleb.
  3526 | D:6      | Found a shimmering altar of Xom.
  3575 | D:6      | Found a hide-covered altar of Uskayaw.
  3716 | D:6      | Reached XP level 8. HP: 75/75 MP: 7/7
  3775 | D:6      | Found a staircase to the Ecumenical Temple.
  3785 | Temple   | Entered the Ecumenical Temple
  4413 | D:7      | Found a runed translucent door.
  4419 | D:7      | Found a basalt altar of Yredelemnul.
  4550 | D:7      | Found a broken altar of Ashenzari.
  4702 | D:7      | Found a hazy altar of Hepliaklqana.
  5198 | D:8      | Found a glowing golden altar of the Shining One.
  5206 | D:8      | Reached XP level 9. HP: 63/85 MP: 6/8
  5240 | D:8      | Became a worshipper of the Shining One
  5259 | D:8      | HP: 6/127 [slime creature (8)]
  5262 | D:8      | HP: 2/127 [slime creature (9)]
  5283 | D:8      | Reached skill level 5 in Fighting
  5770 | D:9      | Reached * piety under the Shining One
  5816 | D:9      | Reached XP level 10. HP: 52/96 MP: 9/9
  5992 | D:9      | Reached skill level 10 in Unarmed Combat
  6512 | D:10     | Entered Level 10 of the Dungeon
  6622 | D:10     | Noticed a two-headed ogre
  6633 | D:10     | Killed a two-headed ogre
  6637 | D:10     | Reached ** piety under the Shining One
  6656 | D:10     | Noticed Sonja
  6669 | D:10     | Killed Sonja
  6670 | D:10     | Reached skill level 10 in Shapeshifting
  6670 | D:10     | Found a staircase to the Orcish Mines.
  6720 | D:10     | You fall into a shaft and drop 3 floors!
  6723 | D:13     | Noticed Jorgrun
  6723 | D:13     | Noticed a skeletal warrior
  6723 | D:13     | Noticed a skeletal warrior
  6723 | D:13     | Noticed a skeletal warrior
  6732 | D:13     | Noticed a centaur warrior
  6739 | D:13     | Demolished by Jorgrun

Illustrated notes

Levels and vault maps discovered:
D:1:      heliophobic_arrival_battle_scene, layout_loops_ring, serial_forest,
          infiniplex_forest_straight_1, infiniplex_forest_lined_4_way,
          infiniplex_forest_end_2, infiniplex_forest_lined_3,
          infiniplex_forest_lined_corner, infiniplex_forest_side_room,
          infiniplex_forest_end_2, shapermc_ecumenical_altar_ellora,
          minmay_misc_feat_square
D:2:      layout_basic
D:3:      layout_rooms, mainiacjoe_overflow_boulevard, serial_shops, shop,
          uniq_crazy_yiuf_cottage
D:4:      layout_gridville, okawaru_gym_becter, kennysheep_generic_room_16
D:5:      layout_loops_corners
D:6:      layout_basic, mainiacjoe_overflow_small_starburst, old_standard_altar,
          overflow_temple_1_default, minmay_temple_entry_poolview, minivault_1
D:7:      layout_basic, ashenzari_conservatory_becter, dk_yredelemnul_ordeal,
          nicolae_hepliaklqana_monster_ancestors
D:8:      layout_cave_pools, mainiacjoe_overflow_concentric_impassable
D:9:      layout_basic
D:10:     layout_long_grid, nicolae_ru_path_of_blood, david_lair_generic,
          erik_orc_4, grunt_decor_fettered, kennysheep_cross_bottleneck,
          uniq_sonja
D:13:     layout_basic, erik_vaults_1, nicolae_water_bricks, fountainhead,
          uniq_jorgrun
Temple:   hellmonk_temple_flake

Skill      XL: |  1  2  3  4  5  6  7  8  9 10 |
---------------+-------------------------------+-----
Fighting       | 1 2 3 4 5 6 |  6.1
Unarmed Combat | 4 5 6 8 9 10 | 10.8
Shapeshifting  | 4 5 6 7 9 10 | 10.0
Dodging        | |  1.5

Action                     |  1- 3 |  4- 6 |  7- 9 | 10-12 || total
---------------------------+-------+-------+-------+-------++-------
  Melee: Unarmed           |    77 |    83 |   228 |   109 ||   497
         Punch             |       |     2 |    13 |     7 ||    22
  Evoke: Wand              |       |       |       |     6 ||     6
    Use: Scroll            |     4 |     6 |     2 |     1 ||    13
         Potion            |       |       |     5 |     3 ||     8
   Stab: Sleeping          |       |     1 |       |       ||     1
 Armour: Animal skin       |    40 |    45 |   183 |    78 ||   346
         Skin              |       |       |    55 |    59 ||   114
  Dodge: Dodged            |    34 |    25 |    82 |    42 ||   183

Table legend: (Time is in decaauts)
 A = Elapsed time spent in this place.
 B = Non-inter-level travel time spent in this place.
 C = Inter-level travel time spent in this place.
 D = Time resting spent in this place.
 E = Time spent auto-exploring this place.
 F = Levels seen in this place.
 G = Mean time per level.
                   A        B        C        D        E       F      G
               +--------+--------+--------+--------+--------+-----+--------+
         Total |   6684 |   6477 |    207 |     79 |   5295 |  12 |  557.0 |
       Dungeon |   6682 |   6476 |    206 |     79 |   5295 |  11 |  607.5 |
        Temple |      1 |      1 |      0 |      0 |      0 |   1 |    1.0 |
               +--------+--------+--------+--------+--------+-----+--------+

Top non-repeatable levels by time:
     D:7: 1227 daAuts
     D:5: 958 daAuts
     D:1: 825 daAuts
     D:9: 762 daAuts
     D:6: 615 daAuts
     D:2: 602 daAuts
     D:8: 534 daAuts
     D:4: 477 daAuts
     D:3: 447 daAuts
    D:10: 213 daAuts
    D:13: 17 daAuts
  Temple: 1 daAuts
